AoeStats
← Lord RDB

Arabian Desert

509835664Analyzed
1v1 RM · 2d ago on Sep 28, 2026· 26m 21s· 2 players
Game mode
Random Map
Map size
Tiny (2 player)
Population
200
Speed
Normal
Resources
Standard
Victory
Conquest
Starting age
Dark Age
Ending age
Imperial Age
RankedLock teamsTeams togetherTeam positionsShared explorationLock speedFull tech treeHidden civsTurbo modeCheats
Victory
Defeat
🇦🇪 Franks · United Arab Emirates
1353
+15
🇨🇱 Spanish · Chile
1330
-15
Sin H.
6:12 Loom
8:31 Feudal Age
10:31 Double-Bit Axe
10:27 Horse Collar
17:40 Wheelbarrow
20:20 Gold Mining
22:33 Castle Age
21:16 Scale Mail Armor
21:26 Forging
21:47 Bloodlines
22:57 Pikeman
23:55 Chain Mail Armor
23:52 Bow Saw
24:06 Squires
Lord RDB
6:57 Loom
9:17 Feudal Age
10:07 Double-Bit Axe
21:33 Castle Age
20:15 Gold Mining
20:56 Scale Barding Armor
21:50 Forging
22:44 Wheelbarrow
22:42 Chain Barding Armor
23:09 Bow Saw
25:09 Gold Shaft Mining
Connection lost

Rejoining the realm…

Still unreachable

The connection could not be restored.

Session expired

The server has moved on; the page needs a fresh start.